Map: King's Cove LE

Players

MaSa - Winner!

  • Race: Terran Terran
  • League: Master
  • Spawn Location: 11:00

Cham

  • Race: Zerg Zerg
  • League: Master
  • Spawn Location: 5:00

Event: 2019 WCS Winter Americas

VOD

Have the link to the VOD?

Description

Time

  • Played on: March 24, 2019, 12:30 p.m.
  • Length: 10:53

All games in this series

Show
View Real Time Build Order
Export as new Build Order

MaSa Terran - Winner!

Build Orders:  

Get SALT Encoding   

  12  0:00  SCV  
  13  0:14  Supply Depot  
  13  0:19  SCV  
  14  0:31  SCV  
  15  0:40  Barracks  
  15  0:45  SCV  
  16  0:58  Barracks  
  16  1:01  SCV  
  17  1:08  Refinery  
  17  1:13  SCV  
  18  1:27  Orbital Command, Marine  
  19  1:42  Bunker  
  19  1:44  Supply Depot  
  19  1:45  Marine  
  20  1:49  Marine  
  21  1:54  SCV  
  22  2:01  Bunker  
  22  2:03  Marine  
  22  2:07  Marine  
  24  2:10  SCV  
  25  2:19  Bunker  
  25  2:22  SCV  
  26  2:23  Marine  
  27  2:32  Factory  
  27  2:35  Marine  
  27  2:36  SCV  
  29  2:49  SCV  
  29  2:51  Marine  
  30  2:52  Refinery  
  31  3:03  Supply Depot  
  31  3:15  Marine  
  31  3:18  Starport  
  31  3:21  Factory Tech Lab  
  31  3:24  SCV  
  31  3:37  SCV  
  32  3:42  Command Center  
  32  3:49  SCV  
  32  3:55  Factory Tech Lab  
  33  3:57  Supply Depot  
  33  4:01  SCV  
  34  4:04  Banshee  
  34  4:08  Cloaking Field  
  37  4:18  SCV  
  38  4:26  Supply Depot  
  37  4:34  SCV  
  37  4:36  Cyclone  
  41  4:46  SCV  
  41  4:48  Banshee  
  45  4:57  Orbital Command  
  45  4:58  SCV  
  45  5:10  SCV  
  46  5:16  Command Center  
  46  5:19  Orbital Command  
  46  5:22  SCV  
  46  5:28  Siege Tank  
  50  5:33  Banshee  
  50  5:34  SCV  
  54  5:45  Barracks Reactor  
  54  5:47  SCV  
  54  5:49  SCV  
  56  5:59  SCV  
  56  6:01  SCV, Barracks Tech Lab  
  58  6:05  Siege Tank  
  61  6:11  SCV  
  61  6:13  SCV  
  61  6:17  Supply Depot, Refinery x2  
  63  6:20  Marine  
  63  6:23  SCV  
  63  6:25  SCV  
  66  6:30  Orbital Command  
  66  6:32  Marine  
  66  6:33  Banshee  
  66  6:35  SCV  
  66  6:37  SCV  
  72  6:41  Stimpack, Marine  
  72  6:44  Engineering Bay  
  72  6:45  Engineering Bay, Barracks  
  73  6:48  SCV  
  73  6:53  Marine x2  
  76  6:55  SCV  
  76  6:57  Orbital Command  
  76  7:00  SCV, Marine  
  76  7:01  Siege Tank  
  83  7:07  SCV, Barracks  
  83  7:12  SCV  
  83  7:13  Barracks  
  83  7:14  Marine x2  
  86  7:19  SCV  
  86  7:20  Marine  
  88  7:24  SCV  
  88  7:28  SCV  
  90  7:31  SCV  
  90  7:32  Marine  
  90  7:36  Marine  
  92  7:37  SCV, Marine  
  92  7:38  Barracks Reactor, Supply Depot  
  92  7:40  Supply Depot  
  82  7:44  SCV  
  82  7:50  SCV  
  78  7:53  SCV  
  78  7:54  Marine  
  78  7:56  Liberator  
  78  7:58  SCV  
  77  8:01  Siege Tank  
  77  8:03  SCV  
  77  8:04  Terran Infantry Weapons Level 1, Terran Infantry Armor Level 1  
  76  8:05  SCV  
  76  8:12  Marine, Barracks Reactor x2  
  78  8:13  Supply Depot  
  78  8:14  Medivac, Marine x3  
  78  8:18  SCV  
  78  8:19  SCV  
  88  8:23  Supply Depot  
  88  8:29  Supply Depot  
  88  8:30  SCV x2, Marine  
  88  8:32  Marine x3, Supply Depot  
  88  8:33  Siege Tank  
  97  8:34  SCV  
  97  8:40  Supply Depot, Refinery  
  98  8:42  SCV x2  
  98  8:46  SCV, Medivac  
  104  8:49  Marine x2  
  104  8:50  Marine x3  
  104  8:51  Missile Turret  
  104  8:53  Marauder  
  104  8:54  SCV, Marauder  
  113  8:56  Medivac  
  113  8:57  Marine  
  113  8:59  SCV  
  113  9:02  SCV  
  118  9:06  SCV  
  118  9:07  Marine x3  
  122  9:11  SCV  
  122  9:13  Supply Depot  
  122  9:15  Marauder, Command Center  
  125  9:19  Refinery  
  125  9:20  Marine x3, Concussive Shells, Supply Depot  
  125  9:21  Marauder, Combat Shield  
  130  9:25  Siege Tank  
  130  9:26  Marine  
  134  9:34  Marine x2  
  134  9:36  Marauder  
  138  9:38  Marine x2  
  138  9:42  Marauder, Marine  
  140  9:47  Marine  
  140  9:52  Marine x2  
  139  9:53  Viking, Medivac  
  139  9:55  SCV  
  139  9:56  Marine  
  139  9:57  Marauder, Siege Tank  
  148  10:01  Marine x2  
  148  10:03  Marauder  
  148  10:05  Marine  
  153  10:08  Armory  
  153  10:09  Marine  
  153  10:10  Marine  
  155  10:14  Marine  
  156  10:22  Supply Depot  
  156  10:23  Supply Depot  
  156  10:25  Marine, Supply Depot  
  156  10:26  Supply Depot  
  156  10:27  Marauder x2, Marine  
  162  10:37  Supply Depot  
Show
View Real Time Build Order
Export as new Build Order

Cham Zerg 

Build Orders: Hatch First 

Get SALT Encoding   

  12  0:01  Drone  
  13  0:08  Drone  
  14  0:17  Overlord  
  14  0:36  Drone x2  
  16  0:49  Hatchery  
  15  0:52  Drone  
  15  0:56  Drone  
  17  1:00  Drone  
  18  1:11  Extractor  
  18  1:16  Spawning Pool  
  16  1:18  Drone  
  16  1:22  Drone  
  18  1:30  Drone  
  19  1:41  Overlord  
  19  2:02  Zergling x6  
  19  2:05  Queen  
  19  2:06  Roach Warren  
  23  2:18  Queen  
  23  2:22  Drone  
  25  2:25  Drone  
  26  2:35  Drone  
  26  2:36  Extractor  
  27  2:47  Roach  
  27  2:55  Roach x3  
  33  3:03  Drone  
  34  3:06  Overlord  
  34  3:19  Overlord  
  32  3:29  Ravager  
  33  3:35  Roach  
  33  3:36  Ravager  
  33  3:39  Queen, Drone  
  33  3:40  Ravager  
  40  3:44  Roach  
  42  3:50  Roach  
  44  3:57  Overlord  
  44  4:06  Ravager  
  44  4:08  Overlord  
  45  4:11  Overlord  
  45  4:12  Overlord  
  44  4:44  Drone  
  44  4:45  Hatchery, Drone x2  
  46  5:01  Hatchery  
  46  5:05  Drone  
  46  5:15  Overlord  
  43  5:27  Drone x3  
  43  5:29  Drone  
  43  5:34  Spore Crawler  
  43  5:38  Drone  
  43  5:39  Spore Crawler  
  43  5:47  Queen  
  45  5:54  Spore Crawler  
  44  5:59  Drone x2  
  44  6:02  Drone  
  46  6:06  Drone  
  46  6:07  Drone  
  46  6:10  Drone  
  48  6:14  Drone  
  48  6:15  Drone  
  49  6:24  Drone x2  
  50  6:26  Overlord  
  50  6:31  Lair  
  50  6:36  Drone x2  
  52  6:42  Overlord  
  52  6:44  Ravager  
  53  6:49  Drone x2  
  53  6:52  Drone x2  
  53  6:53  Drone x3  
  60  6:56  Drone x2  
  60  6:58  Drone  
  63  7:05  Roach x2  
  67  7:08  Drone  
  67  7:14  Roach x3  
  74  7:18  Drone  
  74  7:20  Overlord  
  74  7:22  Drone  
  76  7:28  Roach  
  76  7:29  Roach  
  80  7:34  Roach x3  
  80  7:36  Ravager, Roach  
  83  7:38  Roach x2  
  85  7:44  Roach x3  
  85  7:50  Roach x2  
  87  7:51  Roach  
  87  7:54  Queen  
  87  7:58  Queen  
  86  8:02  Queen  
  88  8:05  Drone  
  88  8:06  Drone x2  
  88  8:08  Overseer  
  88  8:11  Drone x2  
  93  8:14  Spore Crawler  
  93  8:15  Drone  
  93  8:19  Extractor  
  92  8:21  Nydus Network, Drone x2  
  92  8:23  Drone  
  94  8:31  Glial Reconstitution  
  94  8:33  Drone x2  
  96  8:36  Extractor  
  96  8:37  Overlord  
  94  8:41  Drone  
  94  8:42  Drone  
  94  8:45  Overlord  
  96  8:51  Overlord  
  96  8:54  Roach  
  98  8:57  Roach  
  97  9:06  Roach x3  
  97  9:07  Overlord x2  
  97  9:08  Roach x3  
  97  9:09  Roach  
  110  9:11  Roach x2  
  110  9:15  Roach  
  110  9:16  Roach  
  117  9:21  Roach x2  
  119  9:26  Nydus Canal  
  119  9:29  Roach x2  
  122  9:32  Overlord  
  119  9:40  Roach x3  
  119  9:49  Nydus Canal  
  99  9:53  Roach x5  
  99  9:55  Roach  
  100  10:08  Roach x3  
  106  10:14  Ravager x2  
  106  10:15  Roach  
  106  10:16  Roach  
  106  10:20  Roach  
  114  10:24  Roach  
  114  10:26  Roach  
  120  10:28  Roach  
  120  10:30  Roach  
  122  10:39  Ravager  
Tags
 
Add a new tag
Caveats
  • Supply blocks, unpowered buildings, or Contaminate may cause inaccurate times.
  • Supply counts are checked every 10 seconds.